 Dungeon Crawl Stone Soup version 0.25.0 (webtiles) character file.

Game seed: 7114017094956933329

75 Anothat the Shield-Bearer (level 4, -2/29 HPs)
             Began as a Gargoyle Fighter on June 12, 2020.
             Killed from afar by an orc wizard (9 damage)
             ... with a magic dart
             ... on level 2 of the Dungeon.
             The game lasted 00:07:44 (2315 turns).

Anothat the Shield-Bearer (Gargoyle Fighter)        Turns: 2315, Time: 00:07:44

Health: -2/29      AC: 15    Str: 20    XL:     4   Next: 31%
Magic:  4/4        EV:  3    Int:  9    God:
Gold:   155        SH:  9    Dex:  9    Spells: 3/3 levels left

rFire    . . .     SeeInvis .   a - +0 flail
rCold    . . .     Gourm    .   c - +0 kite shield
rNeg     + . .     Faith    .   t - +0 plate armour
rPois    ∞         Spirit   .   (no helmet)
rElec    +         Reflect  .   (no cloak)
rCorr    .         Harm     .   (no gloves)
MR       .....                  (no boots)
Stlth    ..........             (no amulet)
HPRegen  0.09/turn              h - ring of poison resistance
MPRegen  0.09/turn              (no ring)

@: no status effects
A: negative energy resistance 1, electricity resistance, unbreathing,
petrification resistance, rot immunity, AC +3
a: no special abilities


You were on level 2 of the Dungeon.
You were hungry.

You visited 1 branch of the dungeon, and saw 3 of its levels.

You collected 155 gold pieces.

Inventory:

Hand Weapons
 a - a +0 flail (weapon)
Missiles
 i - 8 javelins (quivered)
 j - 6 boomerangs
 l - 136 stones
Armour
 b - a +0 scale mail
 c - a +0 kite shield (worn)
 t - a +0 plate armour (worn)
Jewellery
 h - a ring of poison resistance (left hand)
 w - an uncursed amulet of magic regeneration {unknown}
Scrolls
 e - 2 scrolls of random uselessness {unknown}
 k - 2 scrolls of immolation {unknown}
 n - 4 scrolls of remove curse {unknown}
 r - 4 scrolls of teleportation {unknown}
 s - 2 scrolls of identify {unknown}
Potions
 d - a potion of might
 g - a potion of magic {unknown}
 o - a potion of mutation {unknown}
 p - 2 potions of brilliance {unknown}
 q - a potion of stabbing {unknown}
 u - a potion of ambrosia {unknown}
 v - a potion of flight {unknown}
Comestibles
 f - 4 rations


   Skills:
 + Level 3.9 Fighting
 + Level 2.8 Maces & Flails
 + Level 3.9 Armour
 * Level 4.0 Shields


You had 3 spell levels left.
You didn't know any spells.
Your spell library was empty.

Dungeon Overview and Level Annotations

Branches:
Dungeon (3/15)

Altars:


Innate Abilities, Weirdness & Mutations

You are resistant to torment.
Your stone body is resilient. (AC +3)
You are immune to poison.
You resist negative energy. (rN+)
You are resistant to electric shocks. (rElec)
You can survive without breathing.
You are immune to petrification.
You are immune to rotting.


Message History

The orc wizard shouts!
The rat bites you but does no damage.
You sock the rat!
You kill the rat!
The orc wizard casts a spell at you. You block the puff of flame.
The orc wizard casts a spell.
The orc wizard seems to speed up.
The orc wizard gestures at you while chanting.
The puff of flame hits you!
You closely miss the orc wizard.
The orc wizard hits you but does no damage.
You block the orc wizard's attack.
You closely miss the orc wizard. You block the orc wizard's attack.
The orc wizard hits you with a +0 dagger.
* * * LOW HITPOINT WARNING * * *
You closely miss the orc wizard. The orc wizard casts a spell at you.
The magic dart hits you!
You die...

#.# ###############...o.. #.#
#.>.#.........o...... #.#
#.....#######r##..... #.#
#...### #.# ..# #.# ##.## #.#
# #.# ##.## #.#
#.########...## ####.#
#............>#####...#......#
########........@o..##.##.#..#
#......)...##.# .# #
#.[......#.##.$... ####
#..........##.##... ...#
#..#...#.#.##<# ###. ##.#
#..##.##.#..... .( #.#
#..#####.#.##.# .# #.# #..#
#.#.# .## #.# #..# #.#.##...


You could see an orc wizard (fast).

Vanquished Creatures
  2 adders
  An ooze (D:1)
  A worm (D:3)
  A dart slug (D:1)
  A leopard gecko (D:2)
  2 orcs (D:3)
  A giant cockroach (D:1)
  2 jackals (D:3)
  4 kobolds
  A quokka (D:3)
  A ball python (D:3)
  7 bats
  4 frilled lizards
  13 goblins
  3 rats
44 creatures vanquished.

Vanquished Creatures (others)
  5 toadstools (D:1)
5 creatures vanquished.

Grand Total: 49 creatures vanquished

Notes
Turn   | Place    | Note
-------+----------+-------------------------------------------
     0 | D:1      | Anothat the Gargoyle Fighter began the quest for the Orb.
     0 | D:1      | Reached XP level 1. HP: 14/14 MP: 1/1
   468 | D:1      | Reached XP level 2. HP: 19/19 MP: 2/2
  1363 | D:2      | Reached XP level 3. HP: 16/24 MP: 3/3
  1547 | D:2      | Noticed an orc warrior
  1886 | D:3      | Reached XP level 4. HP: 29/29 MP: 4/4
  2149 | D:3      | Noticed an ogre
  2190 | D:3      | Reached skill level 4 in Shields
  2315 | D:2      | Killed from afar by an orc wizard

Illustrated notes

Levels and vault maps discovered:
D:1:      ldierk_walled_garden, layout_basic
D:2:      layout_loops_ring, corner_web_ring
D:3:      layout_rooms, minmay_misc_feat_tiny, chequers_serial_rivers_marsh,
          minmay_ogre_servants

Skill      XL: |  1  2  3  4 |
---------------+-------------+-----
Shields        | 4 |  4.0
Fighting       | |  3.9
Maces & Flails | |  2.8
Armour         | |  3.9

Action                   |  1- 3 |  4- 6 || total
-------------------------+-------+-------++-------
Melee: Flail             |   137 |    64 ||   201
Throw: Javelin           |     2 |       ||     2
  Eat: Chunk             |     3 |     1 ||     4
Armor: Scale mail        |   100 |       ||   100
       Plate armour      |     2 |    44 ||    46
Dodge: Dodged            |    41 |     7 ||    48
Block: Kite shield       |    72 |    30 ||   102
